 Dungeon Crawl Stone Soup version 0.28-a0-1374-ga75cb3825e (webtiles) character file.

Game seed: 17880830340678785828

39310 Pooter the Grappler (level 13, 0/124 HPs)
             Began as a Troll Monk on Dec 31, 2021.
             Was the Champion of Okawaru.
             Splashed by a goliath frog's acid (9 damage)
             ... on level 6 of the Lair of Beasts on Jan 1, 2022.
             The game lasted 02:10:02 (16330 turns).

Pooter the Grappler (Troll Monk)                   Turns: 16330, Time: 02:10:03

Health: 0/124      AC:  5    Str: 22    XL:     13   Next: 68%
Magic:  17/17      EV: 16    Int: 17    God:    Okawaru [******]
Gold:   834        SH:  5    Dex: 12    Spells: 12/12 levels left

rFire   . . .      SeeInvis +   K - +0 giant spiked club (drain)
rCold   + + +      Faith    .   (shield currently unavailable)
rNeg    . . .      Spirit   .   a - +4 troll leather armour of Xeowocw {rC++ Regen+ Int+3 Slay+5 Stlth-}
rPois   .          Reflect  +   Z - +1 hat of Pila Odele {Slay+3}
rElec   .          Harm     .   v - +0 cloak of the Ditch-Digger {Str-2 Int+8 Slay+4}
rCorr   .          Rampage  .   (gloves unavailable)
Will    .....                   (boots unavailable)
Stlth   ++........              W - amulet of the Griffon {Reflect rC+ Str-2 SH+5 SInv}
HPRegen 1.90/turn               O - +4 ring of protection
MPRegen 0.15/turn               U - ring of flight

@: about to teleport, heroic, corroded, flying, studying Dodging
A: large, unfitting armour, claws 3, regeneration 1, shaggy fur 1, tough skin 1,
horns 1
a: Renounce Religion, Heroism, Finesse, Duel


You were on level 6 of the Lair of Beasts.
You worshipped Okawaru.
Okawaru was exalted by your worship.
You visited 3 branches of the dungeon, and saw 19 of its levels.
You also visited: Sewer, Ossuary and Volcano.

You collected 900 gold pieces.
You spent 66 gold pieces at shops.

Inventory:

Hand Weapons
 b - a +3 arbalest of flaming
   (You took it off a yaktaur in a volcano)
 s - a +0 hand crossbow
   (You found it on level 4 of the Dungeon)
 y - a +2 flail of holy wrath
   (You took it off Edmund on level 6 of the Dungeon)
 K - a +0 giant spiked club of draining (weapon)
   (You took it off a two-headed ogre on level 8 of the Dungeon)
 V - a +2 vorpal hunting sling
   (You took it off Joseph on level 10 of the Dungeon)
Missiles
 i - 3 datura-tipped darts
 j - 5 javelins
 n - 2 silver boomerangs
 x - 5 atropa-tipped darts
 B - 10 boomerangs
 C - 60 poisoned darts (quivered)
 I - 488 stones
 Q - 241 bolts
 X - 81 sling bullets
Armour
 a - the +4 troll leather armour of Xeowocw (worn) {rC++ Regen+ Int+3 Slay+5 Stlth-}
   (You found it on level 4 of the Lair of Beasts)

   Int:       It affects your intelligence (+3).
   Slay:      It affects your accuracy & damage with ranged weapons and melee
   (+5).
   rC:        It greatly protects you from cold.
   Regen:     It increases your rate of health regeneration.
   Stlth:     It makes you less stealthy.
 v - the +0 cloak of the Ditch-Digger (worn) {Str-2 Int+8 Slay+4}
   (You acquired it on level 6 of the Dungeon)

   Str:       It affects your strength (-2).
   Int:       It affects your intelligence (+8).
   Slay:      It affects your accuracy & damage with ranged weapons and melee
   (+4).
 L - the +2 hat "Gorosed" {+Inv rPois rN++ Str-2}
   (You acquired it on level 8 of the Dungeon)

   Str:       It affects your strength (-2).
   rPois:     It protects you from poison.
   rN:        It greatly protects you from negative energy.
   +Inv:      It lets you turn invisible.
 T - a scarf of shadows
   (You found it on level 8 of the Dungeon)
 Z - the +1 hat of Pila Odele (worn) {Slay+3}
   (Okawaru gifted it to you on level 1 of the Lair of Beasts)

   Slay:      It affects your accuracy & damage with ranged weapons and melee
   (+3).
Jewellery
 F - a ring of protection from fire
   (You found it on level 4 of the Dungeon)
 H - a ring of fire
   (You found it on level 4 of the Lair of Beasts)
 N - a ring of positive energy
   (You found it on level 7 of the Dungeon)
 O - a +4 ring of protection (left claw)
   (You found it on level 4 of the Lair of Beasts)
 U - a ring of flight (right claw)
   (You found it on level 10 of the Dungeon)
 W - the amulet of the Griffon (around neck) {Reflect rC+ Str-2 SH+5 SInv}
   (You acquired it on level 2 of the Dungeon)

   [amulet of reflection]

   It reflects blocked missile attacks.
   Str:       It affects your strength (-2).
   rC:        It protects you from cold.
   SInv:      It lets you see invisible.
   SH:        It affects your SH (+5).
Wands
 d - a wand of iceblast (5)
   (You found it on level 7 of the Dungeon)
 f - a wand of flame (31)
   (You found it on level 9 of the Dungeon)
 u - a wand of paralysis (4)
   (You found it on level 1 of the Lair of Beasts)
 D - a wand of digging (8)
   (You found it on level 4 of the Dungeon)
 S - a wand of polymorph (4)
   (You found it on level 9 of the Dungeon)
Scrolls
 g - a scroll of holy word
 h - 6 scrolls of immolation {!r}
 k - 6 scrolls of fog
 p - 2 scrolls of magic mapping
 q - 2 scrolls of silence
 t - 4 scrolls of teleportation {@r4}
 E - 8 scrolls of noise {!r}
Potions
 c - 6 potions of haste {@q3}
 e - 3 potions of heal wounds {@q2}
 l - 3 potions of berserk rage {unknown}
 m - 3 potions of cancellation
 o - 2 potions of might
 r - 6 potions of flight
 w - 2 potions of brilliance {unknown}
 z - 3 potions of invisibility {unknown}
 A - 2 potions of resistance {unknown}
 G - 4 potions of mutation {!q}
 J - 2 potions of ambrosia {unknown}
 P - 3 potions of lignification {!q}
 R - 5 potions of attraction {!q}
 Y - 7 potions of curing {@q1}


   Skills:
 + Level 7.4(12.4) Fighting
 * Level 6.7(11.7) Crossbows
 - Level 6.4(11.4) Throwing
 * Level 11.3(16.3) Dodging
 - Level 1.0(6.0) Stealth
 - Level 5.1(10.1) Shields
 * Level 12.1(17.1) Unarmed Combat
 + Level 7.5 Invocations
 + Level 4.9 Evocations


You had 12 spell levels left.
You didn't know any spells.
Your spell library contained the following spells:

 Spells                   Type           Power      Damage    Failure   Level
 Passwall                 Tmut/Erth      0%         N/A       38%         2
 Dazzling Flash           Conj/Hex       0%         N/A       63%         3
 Frozen Ramparts          Ice            0%         1d2       63%         3
 Stone Arrow              Conj/Erth      0%         3d7       63%         3
 Swiftness                Air            0%         N/A       63%         3
 Hailstorm                Conj/Ice       0%         3d3       95%         4
 Ice Form                 Ice/Tmut       0%         N/A       95%         4
 Blade Hands              Tmut           0%         N/A       100%        5
 Freezing Cloud           Conj/Ice/Air   0%         6-21      100%        5
 Iron Shot                Conj/Erth      0%         9d1       100%        6
 Orb of Destruction       Conj           0%         N/A       100%        7
 Lehudib's Crystal Spear  Conj/Erth      0%         10d2      100%        8
 Polar Vortex             Ice            0%         N/A       100%        9
 Call Imp                 Summ           Unusable   N/A       N/A         2
 Summon Guardian Golem    Hex/Summ       Unusable   N/A       N/A         3
 Animate Armour           Summ/Erth      Unusable   N/A       N/A         4
 Summon Ice Beast         Ice/Summ       Unusable   N/A       N/A         4
 Simulacrum               Ice/Necr       Unusable   N/A       N/A         6
 Spellforged Servitor     Conj/Summ      Unusable   N/A       N/A         7

Dungeon Overview and Level Annotations

Branches:
Dungeon (12/15)            Temple (1/1) D:5            Lair (6/6) D:8
 Shoals (0/4) Lair:2       Spider (0/4) Lair:4        Slime (0/5) Lair:5
  Sewer (visited)         Ossuary (visited)         Volcano (visited)
    Orc: D:9-12

Altars:
Ashenzari
Cheibriados
Dithmenos
Elyvilon
Fedhas
Gozag
Hepliaklqana
Makhleb
Nemelex Xobeh
Okawaru
Qazlal
Ru
Sif Muna
Trog
Uskayaw
Vehumet
Wu Jian
Xom
Yredelemnul
Zin
The Shining One

Shops:
D:2 *   D:6 :

Annotations:
D:9 1 runed translucent door, dang3rdave's ghost, novice GrAK


Innate Abilities, Weirdness & Mutations

You are too large for most types of armour.
You have claws for hands.
Your natural rate of healing is unusually fast.
You are covered in fur. (AC +1)
You have tough skin. (AC +1)
You have a pair of small horns on your head.


Message History

* * * LOW HITPOINT WARNING * * *
The seven-headed hydra bites you!
* * * LOW HITPOINT WARNING * * *
The seven-headed hydra bites you but does no damage. x3
The seven-headed hydra completely misses you.
The seven-headed hydra closely misses you.
Blink to where?
As you read the scroll of blinking, it crumbles to dust.
A cane toad comes into view.
You are no longer corroded.
You feel more confident with your borrowed prowess.
The cane toad croaks.
The cane toad barely misses you.
You bludgeon the cane toad!! You drain the cane toad!
You headbutt the cane toad. The cane toad closely misses you.
The goliath frog barely misses you. The cane toad closely misses you.
The goliath frog hits you from afar!
* * * LOW HITPOINT WARNING * * *
The acid corrodes you!
You are splashed with acid.
* * * LOW HITPOINT WARNING * * *
You impale the cane toad!!
You kill the cane toad!
Okawaru accepts your kill. The goliath frog hits you from afar.
* * * LOW HITPOINT WARNING * * *
The acid corrodes you!
You are splashed with acid!
* * * LOW HITPOINT WARNING * * *
The goliath frog hits you but does no damage.
The goliath frog hits you from afar.
* * * LOW HITPOINT WARNING * * *
You are splashed with acid!
* * * LOW HITPOINT WARNING * * *
Aim: a goliath frog (chance to affect: 27%)
The goliath frog easily resists.
The goliath frog hits you from afar!
* * * LOW HITPOINT WARNING * * *
You are splashed with acid!
* * * LOW HITPOINT WARNING * * *
Aim: a goliath frog The mass of ice explodes!
The iceblast engulfs the goliath frog!
The iceblast engulfs the seven-headed hydra!!
You hear an angry buzzing noise.
You hear a croak.
The goliath frog hits you from afar!
* * * LOW HITPOINT WARNING * * *
The acid corrodes you!
You are splashed with acid!
* * * LOW HITPOINT WARNING * * *
As you read the scroll of teleportation {@r4}, it crumbles to dust.
You feel strangely unstable. The goliath frog hits you from afar.
* * * LOW HITPOINT WARNING * * *
You are splashed with acid!
You die...

### #### ####P###..####
##....D##.....#
#.....F......# ######
#...@.##.†...## #.#..#
##..#####.##.P# ....##
#...# ####..# .#...##
##.##### ##..## ##..#†##
###..#.#.###....#
#...#.####P........###...#
##.............#...###PD##
##.....#.##..##..###...P#
#≈#..PP..##..###.#####..#


You could see a seven-headed hydra and a goliath frog.

Vanquished Creatures
  Gastronok (Lair:3)
  A red draconian (Volcano)
  Josephine (Arena)
  5 hydras
  A centaur warrior (Volcano)
  A two-headed ogre (D:8)
  6 death yaks
  A fire crab (Lair:6)
  A lindwurm (Lair:4)
  10 elephants
  Joseph (D:10)
  15 cane toads
  6 black mambas
  Maggie (Lair:2)
  3 yaktaurs (Volcano)
  2 rime drakes (Lair:4)
  4 komodo dragons
  2 trolls
  2 polar bears
  A tarantella (shapeshifter) (D:9)
  6 dream sheep (Lair:3)
  Prince Ribbit (D:6)
  11 blink frogs
  2 wyverns
  5 wraiths
  15 yaks
  A basilisk (Lair:1)
  A steam dragon (D:7)
  Edmund (D:6)
  Menkaure (D:6)
  21 water moccasins
  Duvessa (D:6)
  5 orc warriors
  3 black bears
  An ice beast (D:5)
  A necrophage (D:5)
  5 wolves (Lair:2)
  An ogre (D:6)
  6 centaurs
  A phantom (D:5)
  3 kobold brigands
  20 bullfrogs
  A gnoll sergeant (D:5)
  2 scorpions
  A wyvern zombie (D:8)
  A water moccasin zombie (D:5)
  Dowan (D:5)
  5 electric eels
  5 howler monkeys
  A bullfrog zombie (D:6)
  3 centaur zombies
  16 jellies
  2 orc priests
  A gnoll shaman (D:5)
  A centaur skeleton (D:6)
  10 orc wizards
  Natasha (thrice) (D:4)
  4 iguanas
  5 mummies (Ossuary)
  A howler monkey zombie (D:7)
  A howler monkey skeleton (D:6)
  Robin (D:2)
  9 gnolls (D:5)
  12 adders
  6 river rats (Sewer)
  A shadow imp (D:6)
  An ufetubus (D:5)
  An adder skeleton (D:4)
  2 worms
  A dart slug (D:5)
  42 orcs
  19 ball pythons
  9 bats
  7 endoplasms
  5 giant cockroaches
  A gnoll zombie (Ossuary)
  12 hobgoblins
  6 jackals
  3 quokkas
  2 frilled lizards
  12 goblins
  5 goblin zombies
  3 hobgoblin zombies
  25 kobolds
  2 kobold skeletons (D:6)
  3 kobold zombies (Ossuary)
  3 orc skeletons (D:6)
  2 orc zombies (D:6)
  29 rats
  A spectral hobgoblin (D:7)
466 creatures vanquished.

Vanquished Creatures (others)
  62 fungi
  126 plants
188 creatures vanquished.

Grand Total: 654 creatures vanquished

Notes
Turn   | Place    | Note
-------+----------+-------------------------------------------
     0 | D:1      | Pooter the Troll Monk began the quest for the Orb.
     0 | D:1      | Reached XP level 1. HP: 22/22 MP: 0/0
    78 | D:1      | Found a faded altar of an unknown god.
    87 | D:1      | Prayed at the altar of an unknown god.
    87 | D:1      | Became a worshipper of the Shining One
    87 | D:1      | Reached * piety under the Shining One
    87 | D:1      | Reached ** piety under the Shining One
   140 | D:1      | Reached XP level 2. HP: 28/29 MP: 1/1
   812 | D:2      | Reached *** piety under the Shining One
   814 | D:2      | Noticed Robin
   818 | D:2      | Reached XP level 3. HP: 36/36 MP: 2/2
   821 | D:2      | Killed Robin
   966 | D:2      | Reached skill level 1 in Throwing
   966 | D:2      | Reached skill level 4 in Unarmed Combat
   966 | D:2      | Reached skill level 1 in Invocations
  1013 | D:2      | Found Toerphaa's General Store.
  1025 | D:2      | Bought a scroll of identify for 22 gold pieces
  1025 | D:2      | Identified a scroll of acquirement
  1026 | D:2      | Acquired the amulet of the Griffon {Reflect rC+ Str-2 SH+5
                  | SInv}
  1051 | D:2      | Reached XP level 4. HP: 43/44 MP: 3/3
  1642 | D:2      | Bought a scroll of identify for 22 gold pieces
  1642 | D:2      | Bought a scroll of identify for 22 gold pieces
  2286 | D:4      | Reached XP level 5. HP: 51/53 MP: 5/5
  2340 | D:4      | Noticed Natasha
  2340 | D:4      | Reached **** piety under the Shining One
  2365 | D:4      | Killed Natasha
  2370 | D:4      | Noticed Natasha
  2394 | D:4      | Killed Natasha
  2422 | D:4      | Found an opulent altar of Gozag.
  2493 | D:4      | Reached skill level 5 in Unarmed Combat
  2493 | D:4      | Reached XP level 6. HP: 59/61 MP: 6/6
  2699 | D:4      | Noticed Natasha
  2710 | D:4      | Killed Natasha
  2917 | D:5      | Entered Level 5 of the Dungeon
  2942 | D:5      | Noticed an ice beast
  2952 | D:5      | Killed an ice beast
  2953 | D:5      | Reached skill level 1 in Crossbows
  2987 | D:5      | Reached XP level 7. HP: 44/67 MP: 7/7
  3291 | D:5      | Reached skill level 6 in Unarmed Combat
  3381 | D:5      | Found a staircase to the Ecumenical Temple.
  3390 | Temple   | Entered the Ecumenical Temple
  3421 | Temple   | Fell from the grace of the Shining One
  3421 | Temple   | Became a worshipper of Warmaster Okawaru
  3568 | D:5      | Found a shimmering altar of Xom.
  3698 | D:6      | Noticed Duvessa
  3698 | D:6      | Noticed Dowan
  3707 | D:6      | Killed Duvessa
  3708 | D:6      | Reached skill level 1 in Shields
  3708 | D:6      | Reached XP level 8. HP: 66/78 MP: 9/9
  3714 | D:5      | Killed Dowan
  3797 | D:6      | Acquired the +0 cloak of the Ditch-Digger {Str-2 Int+8
                  | Slay+4}
  3820 | D:6      | Noticed Prince Ribbit
  3834 | D:6      | Killed Prince Ribbit
  3834 | D:6      | Reached * piety under Okawaru
  3908 | D:6      | Found a glowing drain.
  3916 | Sewer    | Entered a sewer
  4388 | D:6      | Found a glowing golden altar of the Shining One.
  4400 | D:6      | Noticed Edmund
  4407 | D:6      | Killed Edmund
  4440 | D:6      | Reached skill level 7 in Unarmed Combat
  4491 | D:6      | Noticed Menkaure
  4494 | D:6      | Killed Menkaure
  4494 | D:6      | Reached ** piety under Okawaru
  4538 | D:6      | Found a shimmering blue altar of Sif Muna.
  4554 | D:6      | Reached XP level 9. HP: 85/85 MP: 10/10
  4992 | D:6      | Found Ehoff's Book Shoppe.
  6251 | D:7      | Reached *** piety under Okawaru
  6422 | D:7      | Found a hazy altar of Hepliaklqana.
  6696 | D:8      | Found a sand-covered staircase.
  6712 | Ossuary  | Entered an ossuary
  7002 | Ossuary  | Acquired a manual of Dodging
  7157 | D:8      | Reached skill level 8 in Unarmed Combat
  7191 | D:8      | Found a shadowy altar of Dithmenos.
  7197 | D:8      | Reached skill level 5 in Fighting
  7200 | D:8      | Reached skill level 1 in Evocations
  7269 | D:8      | Found a large runed translucent door.
  7270 | D:8      | Found a large runed translucent door.
  7425 | D:8      | Noticed a komodo dragon
  7438 | D:8      | Killed a komodo dragon
  7438 | D:8      | Reached **** piety under Okawaru
  7439 | D:8      | Reached XP level 10. HP: 71/96 MP: 9/12
  7585 | D:8      | Found a staircase to the Lair.
  7875 | D:8      | Acquired the +2 hat "Gorosed" {+Inv rPois rN++ Str-2}
  8182 | D:8      | Found a sacrificial altar of Ru.
  8185 | D:8      | Found a burning altar of Makhleb.
  8241 | D:9      | Found a hide-covered altar of Uskayaw.
  8434 | D:9      | Found a runed translucent door.
  8450 | D:9      | Noticed a boulder beetle
  8452 | D:9      | Noticed dang3rdave's ghost (novice GrAK)
  8767 | D:9      | Noticed a two-headed ogre
  8769 | D:9      | Noticed an elephant
  8769 | D:9      | a floating eye changed into an elephant
  8779 | D:8      | Killed a two-headed ogre
  8779 | D:8      | Reached ***** piety under Okawaru
  8780 | D:8      | Reached skill level 5 in Dodging
  8780 | D:8      | Reached skill level 5 in Invocations
  8889 | D:9      | an elephant changed into a wind drake
  9122 | D:10     | Entered Level 10 of the Dungeon
  9144 | D:10     | Noticed Joseph
  9163 | D:10     | Reached skill level 5 in Throwing
  9165 | D:10     | Killed Joseph
  9166 | D:10     | Reached skill level 9 in Unarmed Combat
  9195 | D:10     | Got the Catalogue of the Sailor
  9498 | D:10     | You are sucked into a shaft and drop 2 floors!
  9634 | D:10     | Gained mutation: You are frail. (-10% HP) [potion of
                  | mutation]
  9634 | D:10     | Lost mutation: You are frail. (-10% HP) [potion of
                  | mutation]
  9635 | D:10     | Gained mutation: Potions are less effective at restoring
                  | your health. [potion of mutation]
  9635 | D:10     | Gained mutation: You expend magic power (3 MP) to
                  | strengthen your wands. [potion of mutation]
  9636 | D:10     | Lost mutation: You expend magic power (3 MP) to strengthen
                  | your wands. [potion of mutation]
  9636 | D:10     | Lost mutation: Potions are less effective at restoring your
                  | health. [potion of mutation]
  9636 | D:10     | Gained mutation: You have a pair of small horns on your
                  | head. [potion of mutation]
 10113 | D:10     | Found a bloodstained altar of Trog.
 10429 | Lair:1   | Entered Level 1 of the Lair of Beasts
 10451 | Lair:1   | Noticed a five-headed hydra
 10468 | Lair:1   | Killed a five-headed hydra
 10468 | Lair:1   | Identified the +1 hat of Pila Odele {Slay+3} (Okawaru
                  | gifted it to you on level 1 of the Lair of Beasts)
 10468 | Lair:1   | Received a gift from Okawaru
 10469 | Lair:1   | Reached XP level 11. HP: 45/105 MP: 11/14
 10633 | Lair:1   | Found a stormy altar of Qazlal.
 11567 | Lair:2   | Noticed Maggie
 11578 | Lair:2   | Killed Maggie
 11651 | Lair:2   | Noticed a death yak
 11657 | Lair:2   | Noticed a death yak
 11658 | Lair:2   | Noticed a death yak
 11682 | Lair:1   | Killed a death yak
 11709 | Lair:1   | Killed a death yak
 11735 | Lair:1   | Killed a death yak
 11743 | Lair:2   | Reached skill level 5 in Crossbows
 11783 | Lair:2   | Found a staircase to the Shoals.
 11929 | Lair:2   | Reached skill level 10 in Unarmed Combat
 12330 | Lair:2   | Reached XP level 12. HP: 82/114 MP: 12/15
 12396 | Lair:3   | Noticed Gastronok
 12478 | Lair:3   | Killed Gastronok
 12681 | Lair:3   | You are sucked into a shaft and drop 2 floors!
 12710 | Lair:4   | Found a hole to the Spider Nest.
 12757 | Lair:4   | Found a dark tunnel.
 12778 | Volcano  | Entered a volcano
 12807 | Volcano  | Noticed a centaur warrior
 12908 | Volcano  | Found a bloodstained altar of Trog.
 12908 | Volcano  | Noticed a red draconian
 12956 | Volcano  | Killed a centaur warrior
 12957 | Volcano  | Reached skill level 5 in Shields
 12971 | Volcano  | Killed a red draconian
 12975 | Volcano  | Identified the +3 robe of Omission {-Cast rPois rF+ SInv}
                  | (Okawaru gifted it to you in a volcano)
 12975 | Volcano  | Received a gift from Okawaru
 13120 | Lair:4   | Noticed an eight-headed hydra
 13124 | Lair:4   | Killed an eight-headed hydra
 13789 | Lair:4   | Noticed a four-headed hydra
 13797 | Lair:4   | Killed a four-headed hydra
 14049 | Lair:4   | Reached skill level 11 in Unarmed Combat
 14224 | Lair:4   | Noticed Josephine
 14227 | Arena    | Entered the Arena
 14233 | Arena    | Killed Josephine
 14389 | Lair:4   | Identified the +4 troll leather armour of Xeowocw {rC++
                  | Regen+ Int+3 Slay+5 Stlth-}
 14494 | Lair:4   | Identified the +0 robe "Nuuricwe" {Int+4}
 14535 | Lair:4   | Reached skill level 10 in Dodging
 14606 | Lair:4   | Reached XP level 13. HP: 123/123 MP: 14/17
 14944 | Lair:5   | Received a gift from Okawaru
 15250 | Lair:5   | Received a gift from Okawaru
 15340 | Lair:5   | Found a staircase to the Slime Pits.
 15449 | Lair:5   | Received a gift from Okawaru
 15882 | Lair:5   | Received a gift from Okawaru
 16063 | Lair:6   | Entered Level 6 of the Lair of Beasts
 16116 | Lair:6   | Reached skill level 12 in Unarmed Combat
 16269 | Lair:6   | Reached ****** piety under Okawaru
 16298 | Lair:6   | Identified the +0 cloak of Insatiable Hunger {+Blink Dex-5
                  | Stlth+} (Okawaru gifted it to you on level 6 of the Lair of
                  | Beasts)
 16298 | Lair:6   | Received a gift from Okawaru
 16330 | Lair:6   | Splashed by a goliath frog's acid

Illustrated notes

Levels and vault maps discovered:
D:1:      amcnicky_arrival_underground_garden, layout_loops_ring,
          hellmonk_ecumenical_altar_crossroads, eino_curves_03,
          chequers_big_river, st_stairs_8
D:2:      layout_loops_corners, serial_shops, shop, minivault_23, uniq_robin
D:3:      layout_basic
D:4:      layout_cave_pools, grunt_gozag_breadcrumbs, uniq_natasha
D:5:      layout_rooms, overflow_temple_1_default, lemuel_temple_firewalk_b
D:6:      layout_loops_corners, overflow_temple_1_default,
          nicolae_tso_besieged_by_evil, cheibrodos_sewer_entry_bend,
          serial_shops, shop, uniq_prince_ribbit1, uniq_duvessa, uniq_menkaure,
          uniq_edmund
D:7:      layout_layer_cave, nicolae_hepliaklqana_monster_ancestors,
          minmay_misc_feat_chi
D:8:      layout_gridville, mainiacjoe_overflow_chevrons, jmf_multi_god_temple2,
          due_lair_maze_entry_diamond, enter_ossuary_3, nicolae_two_hexagons
D:9:      layout_basic, lemuel_tele_altar, ebering_ghost_inner_flame
D:10:     layout_small_grid, trog_hazing_becter, uniq_joseph
D:11:     layout_loops_ring, zombieorc1_lemuel, uniq_erica
D:12:     layout_long_grid, nicolae_sextant, nicolae_benzene_ring
Temple:   minmay_temple_bridge_abc
Lair:1:   layout_long_grid, serial_bayou, serial_bayou_pond_c,
          serial_bayou_crossing, serial_bayou_pond_e, serial_bayou_pond_a,
          basic_altar, serial_bayou_shore_a
Lair:2:   layout_small_grid, elwin_shoals_entry_rocks, minivault_24, uniq_maggie
Lair:3:   layout_gridlike, uniq_gastronok
Lair:4:   layout_regular_city, spider_nest_entry_web_field,
          nicolae_volcano_entry_vermiform, wad_woods_river_02, uniq_josephine
Lair:5:   layout_layer_cave, minmay_slime_entry_jelly_boxes
Lair:6:   minmay_lair_end_frog_pond, layout_loops_ring

Skill      XL: |  1  2  3  4  5  6  7  8  9 10 11 12 13 |
---------------+----------------------------------------+-----
Throwing       | 1 2 3 4 5 6 |  6.4
Unarmed Combat | 4 5 6 7 8 9 10 11 12 | 12.1
Invocations    | 1 2 3 4 5 6 7 |  7.5
Fighting       | 3 4 5 6 7 |  7.4
Crossbows      | 1 2 3 4 5 6 |  6.7
Shields        | 1 2 3 4 5 |  5.1
Dodging        | 3 6 8 10 11 | 11.3
Evocations     | 1 2 3 4 |  4.9
Stealth        | |  1.0

Action                   |  1- 3 |  4- 6 |  7- 9 | 10-12 | 13-15 || total
-------------------------+-------+-------+-------+-------+-------++-------
Melee: Unarmed           |    80 |   118 |   282 |   264 |    61 ||   805
       Punch             |     1 |     1 |       |     5 |     4 ||    11
       Flail             |       |       |    25 |    13 |       ||    38
       Hunting sling     |       |       |     3 |       |       ||     3
       Headbutt          |       |       |       |    50 |    15 ||    65
       Giant spiked club |       |       |       |       |    16 ||    16
 Fire: Hunting sling     |       |    24 |   128 |    40 |       ||   192
       Hand crossbow     |       |       |    20 |   130 |       ||   150
       Arbalest          |       |       |       |    38 |    68 ||   106
Throw: Stone             |    52 |    23 |     5 |     4 |       ||    84
       Dart              |       |       |     2 |    36 |    13 ||    51
Invok: Heroism           |       |       |     2 |    27 |     7 ||    36
       Finesse           |       |       |       |     2 |     1 ||     3
       Duel              |       |       |       |     1 |       ||     1
Evoke: Wand              |       |       |       |    15 |     4 ||    19
  Use: Scroll            |     2 |     4 |     8 |    12 |     4 ||    30
       Potion            |       |       |       |     7 |       ||     7
 Stab: Sleeping          |     1 |       |     1 |     1 |       ||     3
       Distracted        |       |       |     1 |       |       ||     1
Armor: Robe              |    38 |    36 |   108 |    22 |       ||   204
       Troll leather arm |       |       |       |    45 |    41 ||    86
Dodge: Dodged            |    43 |    41 |   114 |   160 |    73 ||   431
Block: Other             |     1 |    24 |    10 |    20 |    26 ||    81
       Kite shield       |       |       |   194 |   198 |       ||   392
       Reflection        |       |       |    10 |    23 |       ||    33

Table legend: (Time is in decaauts)
 A = Elapsed time spent in this place.
 B = Non-inter-level travel time spent in this place.
 C = Inter-level travel time spent in this place.
 D = Time resting spent in this place.
 E = Time spent auto-exploring this place.
 F = Levels seen in this place.
 G = Mean time per level.
                   A        B        C        D        E       F      G
               +--------+--------+--------+--------+--------+-----+--------+
         Total |  16421 |  15651 |    770 |   1542 |   9813 |  23 |  714.0 |
       Dungeon |   9756 |   9161 |    595 |    661 |   6199 |  12 |  813.0 |
        Temple |     55 |     33 |     22 |      0 |     19 |   1 |   55.0 |
          Lair |   5486 |   5333 |    153 |    650 |   3316 |   6 |  914.3 |
         Sewer |    482 |    482 |      0 |      0 |    229 |   1 |  482.0 |
       Ossuary |    329 |    329 |      0 |    125 |      8 |   1 |  329.0 |
       Volcano |    285 |    285 |      0 |     89 |     42 |   1 |  285.0 |
         Arena |     26 |     26 |      0 |     17 |      0 |   1 |   26.0 |
               +--------+--------+--------+--------+--------+-----+--------+

Top non-repeatable levels by time:
  Lair:4: 1541 daAuts
     D:8: 1414 daAuts
     D:7: 1377 daAuts
  Lair:5: 1168 daAuts
     D:6: 1058 daAuts
    D:10: 1025 daAuts
     D:9: 974 daAuts
  Lair:1: 910 daAuts
  Lair:2: 886 daAuts
     D:5: 874 daAuts
     D:2: 863 daAuts
     D:1: 800 daAuts
  Lair:3: 708 daAuts
     D:3: 639 daAuts
     D:4: 616 daAuts
